 Dungeon Crawl Stone Soup version 0.31.0-12-g77e489cdc1 (webtiles) character file.

Game seed: 7861745842502585892

82 Gadfly the Covered (level 4, -2/38 HPs)
             Began as an Armataur Fighter on Feb 29, 2024.
             Slain by Duvessa
             ... wielding a +1 short sword of flaming
              (5 damage)
             ... on level 4 of the Dungeon.
             The game lasted 00:04:40 (2151 turns).

Gadfly the Covered (Armataur Fighter)               Turns: 2151, Time: 00:04:41

Health: -2/38      AC: 10    Str: 21    XL:     4   Next: 21%
Magic:  5/5        EV:  5    Int:  9    God:
Gold:   1455       SH:  5    Dex: 11    Spells: 3/3 levels left

rFire   . . .        a - +0 flail
rCold   . . .        c - +1 buckler
rNeg    . . .        g - +0 chain mail
rPois   .            l - +1 helmet
rElec   .            (no cloak)
rCorr   .            (no gloves)
SInv    .            (no barding)
Will    .....        q - amulet of faith Stlth
                     h - ring of flight
HPRegen 0.26/turn    (no ring)
MPRegen 0.42/turn

%: roll, faith
@: flying
A: large, deformed body, tough skin 3, armoured tail, roll 1
a: no special abilities


You were on level 4 of the Dungeon.
You visited 1 branch of the dungeon, and saw 4 of its levels.

You collected 1455 gold pieces.

Inventory:

Hand Weapons
 a - a +0 flail (weapon)
Armour
 c - a +1 buckler (worn)
 g - a +0 chain mail (worn)
 l - a +1 helmet (worn)
 m - the +0 cloak of the Lich-sworn {-Tele rElec rC+ Int+4}
   (You found it on level 3 of the Dungeon)

   Int+4:     It affects your intelligence (+4).
   rC+:       It protects you from cold.
   rElec:     It insulates you from electricity.
   -Tele:     It prevents most forms of teleportation.
Jewellery
 h - a ring of flight (left hand)
 q - an amulet of faith (around neck)
Potions
 d - 2 potions of might
 e - a potion of berserk rage
 f - 3 potions of attraction
 i - a potion of curing {unknown}
 k - a potion of mutation {unknown}
 o - a potion of degeneration {unknown}


   Skills:
 + Level 3.0 Fighting
 * Level 2.4 Maces & Flails
 + Level 3.9 Armour
 + Level 3.6 Shields
 * Level 1.7 Invocations
 * Level 1.4 Evocations


You had 3 spell levels left.
You didn't know any spells.
Your spell library contained the following spells:

 Spells                   Type           Power      Damage    Failure   Level
 Call Imp                 Summ           0%         N/A       99%         2
 Sublimation of Blood     Necr           0%         N/A       99%         2
 Summon Hydra             Summ           0%         N/A       100%        7


Dungeon Overview and Level Annotations

Branches:
Dungeon (4/15)
 Temple: D:4-7

Altars:
Ru

Shops:
D:1 =

Annotations:
D:4 Dowan, Duvessa


Innate Abilities, Weirdness & Mutations

Armour fits poorly on your strangely shaped body.
You have extremely tough skin. (AC +3)
You have a long armoured tail.
You regenerate magic when rolling toward enemies. (Rampage MPRegen)


Message History

You roll towards Dowan!
Duvessa, Sister of Dowan comes into view.
She is wielding a +1 short sword of flaming.
Duvessa shouts!
You roll towards Dowan!
You hit Dowan but do no damage. You block Dowan's attack.
Duvessa says, "I don't care about looks, I care about technique!"
You miss Dowan. You block Dowan's attack.
You barely miss Dowan. Dowan hits you but does no damage.
You closely miss Dowan. You tail-slap Dowan, but do no damage.
Dowan hits you with a +1 dagger of protection.
You hit Duvessa but do no damage.
Duvessa hits you with a +1 short sword of flaming.
Duvessa burns you.
You hit Duvessa but do no damage.
Your tail-slap misses Duvessa.
Duvessa hits you with a +1 short sword of flaming.
Duvessa burns you.
You hit Duvessa.
Duvessa is lightly wounded.
You block Duvessa's attack.
Duvessa says, "Where magic fails, the sword succeeds!"
Duvessa barely misses you.
You hit Duvessa.
Duvessa is moderately wounded.
Duvessa hits you but does no damage.
You barely miss Duvessa.
Duvessa is moderately wounded.
Dowan mumbles some strange words.
Dowan blinks!
Duvessa hits you with a +1 short sword of flaming!
Duvessa burns you.
You hit Duvessa.
Duvessa is moderately wounded.
Dowan gestures wildly while chanting.
Dowan blinks!
Duvessa hits you with a +1 short sword of flaming.
Duvessa burns you.
Duvessa hits you with a +1 short sword of flaming!
* * * LOW HITPOINT WARNING * * *
Duvessa burns you.
You die... . ##############.... #.....e@..<ยง...... #.############.##.

You could see Duvessa.

Vanquished Creatures
  An adder (D:3)
  A dart slug (D:1)
  A ribbon worm (D:3)
  2 orcs (D:3)
  10 bats
  8 endoplasms
  A giant cockroach (D:3)
  7 goblins
  8 hobgoblins
  4 quokkas
  3 ball pythons
  6 frilled lizards
  5 kobolds
  5 rats
62 creatures vanquished.

Notes
Turn   | Place    | Note
-------+----------+-------------------------------------------
     0 | D:1      | Gadfly the Armataur Fighter began the quest for the Orb.
     0 | D:1      | Reached XP level 1. HP: 18/18 MP: 1/1
    48 | D:1      | Found Sekyshrek's Jewellery Shoppe.
   139 | D:1      | Reached XP level 2. HP: 24/25 MP: 2/2
   424 | D:1      | Reached skill level 1 in Invocations
   648 | D:2      | Reached skill level 1 in Evocations
   649 | D:2      | Reached XP level 3. HP: 30/30 MP: 3/3
  1337 | D:3      | Found a sacrificial altar of Ru.
  1624 | D:3      | Identified the +0 cloak of the Lich-sworn {-Tele rElec rC+
                  | Int+4}
  1659 | D:3      | Reached XP level 4. HP: 34/35 MP: 5/5
  1669 | D:3      | Found a faded altar of an unknown god.
  2061 | D:3      | Identified a scroll of acquirement
  2065 | D:3      | Acquired 1298 gold pieces
  2140 | D:4      | Noticed Dowan
  2141 | D:4      | Noticed Duvessa
  2151 | D:4      | Slain by Duvessa

Illustrated notes

Levels and vault maps discovered:
D:1:      dpeg_arrival_castle, layout_loops_ring, serial_shops,
          nicolae_shop_advertising_works [nicolae_subvault_shop_adworks]
D:2:      layout_basic
D:3:      layout_loops_ring, mainiacjoe_overflow_catwalk,
          hellmonk_ecumenical_altar_slurped_away
D:4:      layout_loops_ring, kennysheep_potato, uniq_duvessa, uniq_robin,
          uniq_edmund

Skill      XL: |  1  2  3  4 |
---------------+-------------+-----
Maces & Flails | 2 |  2.4
Invocations    | 1 |  1.7
Evocations     | 1 |  1.4
Fighting       | 3 |  3.0
Armour         | |  3.9
Shields        | |  3.6

Action                     |  1- 3 |  4- 6 || total
---------------------------+-------+-------++-------
  Melee: Flail             |   159 |    24 ||   183
         Tailslap          |    16 |     2 ||    18
    Use: Scroll            |     3 |     4 ||     7
         Potion            |     2 |       ||     2
 Armour: Scale mail        |    76 |       ||    76
         Chain mail        |    59 |    17 ||    76
  Dodge: Dodged            |    42 |     3 ||    45
  Block: Buckler           |    56 |     5 ||    61
